 Dungeon Crawl Stone Soup version 0.31.0-12-g77e489cdc1 (webtiles) character file.

Game seed: 2007626063846826652

784 Sestren413 the Trooper (level 7, -2/50 HPs)
             Began as an Octopode Shapeshifter on Mar 1, 2024.
             Slain by an ice beast (4 damage)
             ... on level 6 of the Dungeon.
             The game lasted 00:14:12 (5165 turns).

Sestren413 the Trooper (Octopode Shapeshifter)      Turns: 5165, Time: 00:14:12

Health: -2/50      AC:  1    Str: 13    XL:     7   Next: 86%
Magic:  18/19      EV: 13    Int: 12    God:
Gold:   160        SH:  0    Dex: 14    Spells: 8/10 levels left

rFire   + . .        m - +1 dagger (speed)
rCold   . . .        (no shield)
rNeg    . . .        (helmet currently unavailable)
rPois   .            (no amulet)
rElec   .            h - ring of protection from fire
rCorr   .            k - ring of magical power
SInv    .            (no ring)
Will    .....        (no ring)
Stlth   +++          (no ring)
HPRegen 0.28/turn    (no ring)
MPRegen 0.16/turn    (no ring)
                     (no ring)

%: no passive effects
@: beast-form
A: beast (slay +2), almost no armour, amphibious, 8 rings, camouflage 1,
gelatinous body 1, (nimble swimmer 1), tentacles
a: Begin Untransformation


You were on level 6 of the Dungeon.
You were a hulking beast.
You visited 2 branches of the dungeon, and saw 7 of its levels.

You collected 160 gold pieces.

Inventory:

Hand Weapons
 m - a +1 dagger of speed (weapon)
Jewellery
 h - a ring of protection from fire (left tentacle)
 k - a ring of magical power (right tentacle)
Talismans
 b - a beast talisman
 c - a flux talisman
Wands
 i - a wand of mindburst (31)
 t - a wand of paralysis (10)
 w - a wand of flame (19)
Scrolls
 f - 2 scrolls of noise {unknown}
 l - a scroll of vulnerability {unknown}
 o - a scroll of amnesia {unknown}
 r - 2 scrolls of enchant weapon {unknown}
 s - 2 scrolls of identify {unknown}
 u - 2 scrolls of fog {unknown}
 v - a scroll of teleportation {unknown}
 x - a scroll of torment {unknown}
 y - a scroll of brand weapon {unknown}
Potions
 a - 3 potions of lignification
 d - 5 potions of curing {unknown}
 e - a potion of haste {unknown}
 g - 2 potions of brilliance {unknown}
 j - 2 potions of magic {unknown}
 n - 4 potions of heal wounds {unknown}
 p - a potion of degeneration {unknown}
 q - a potion of cancellation {unknown}
 z - a potion of attraction {unknown}


   Skills:
 + Level 5.4 Fighting
 - Level 2.2 Dodging
 + Level 1.2 Stealth
 - Level 4.0 Unarmed Combat
 - Level 2.0 Spellcasting
 - Level 4.0 Summonings
 - Level 4.0 Shapeshifting


You had 8 spell levels left.
You knew the following spells:

 Your Spells              Type           Power      Damage    Failure   Level
a - Call Imp              Summ           20%        N/A       8%          2

Your spell library contained the following spells:

 Spells                   Type           Power      Damage    Failure   Level
 Sublimation of Blood     Necr           1%         N/A       38%         2
 Summon Hydra             Summ           5%         N/A       100%        7


Dungeon Overview and Level Annotations

Branches:
Dungeon (6/15)             Temple (1/1) D:4

Altars:
Ashenzari
Dithmenos
Elyvilon
Makhleb
Nemelex Xobeh
Qazlal
Ru
Trog
Uskayaw
Vehumet
Yredelemnul
Zin
The Shining One

Shops:
D:3 **   D:5 *

Annotations:
D:6 Menkaure


Innate Abilities, Weirdness & Mutations

You are a hulking beast.
Your limbs bulge with bestial killing power. (Slay +2)
You cannot wear most types of armour.
You are amphibious.
You can wear up to eight rings at the same time.
Your skin changes colour to match your surroundings (Stealth+).
Your rubbery body absorbs attacks. (AC +1, EV +1)
((You are camouflaged when in or above water. (Stealth+)))
You have tentacles for arms and can constrict up to eight enemies at once.


Message History

Level annotation: Menkaure The orc priest shouts!
There is a stone staircase leading up here.
Casting: Call Imp (safe; 8% risk of failure)
Confirm with . or Enter, or press ? or * to list all spells.
A tiny devil pulls itself out of the air.
The black bear growls angrily.
Your cerulean imp completely misses the black bear.
There is a stone staircase leading up here.
Your cerulean imp barely misses the black bear.
You hit the black bear but do no damage.
You grab the black bear. You squeeze the black bear.
The black bear is lightly wounded.
You constrict the black bear, but do no damage.
The black bear bites you. The black bear claws you. x2
Your cerulean imp hits the black bear with a -3 spear.
You hit the orc priest. Your grab misses the orc priest.
You squeeze the orc priest!
The orc priest is almost dead.
You constrict the black bear. The black bear bites you.
The black bear claws you. x2
The orc priest invokes the aid of Beogh against you.
Pain shoots through your body! The ice beast hits you.
The ice beast freezes you.
* * * LOW HITPOINT WARNING * * *
You hit the orc priest but do no damage.
You grab the orc priest.
The orc priest is almost dead.
You constrict the orc priest, but do no damage.
You constrict the black bear.
Your cerulean imp hits the black bear but does no damage.
You hit the orc priest.
You kill the orc priest!
You constrict the black bear, but do no damage.
The black bear bites you.
* * * LOW HITPOINT WARNING * * *
The black bear claws you.
* * * LOW HITPOINT WARNING * * *
The black bear barely misses you. The ice beast hits you.
You die...

#.# .... . ..... ..
...#.# ... #
#.....#######.... # ..
..#........(..# # #?
.......Y.5....###
####.###..##...)hh.......
#..........##..####......
#.............. .#...
#............#. # .
......Y......#.
.......<.......
...........#.##
f..........# #....o.....#


You could see a black bear (ally target), an ice beast and a friendly cerulean
imp (summoned).

Vanquished Creatures
  A phantom (D:5)
  2 scorpions
  3 wights (D:5)
  A jelly (D:6)
  2 orc priests
  A bombardier beetle (D:5)
  2 hounds (D:5)
  Terence (D:3)
  3 orc wizards
  Robin (D:2)
  4 gnolls (D:3)
  5 adders
  4 dart slugs
  15 orcs
  2 ball pythons
  8 bats
  6 endoplasms
  3 giant cockroaches
  14 goblins
  6 hobgoblins
  5 kobolds
  4 quokkas
  2 frilled lizards
  4 rats
99 creatures vanquished.

Notes
Turn   | Place    | Note
-------+----------+-------------------------------------------
     0 | D:1      | Sestren413 the Octopode Shapeshifter began the quest for
                  | the Orb.
     0 | D:1      | Reached XP level 1. HP: 13/13 MP: 1/1
    82 | D:1      | Reached XP level 2. HP: 13/18 MP: 2/2
   663 | D:1      | Reached XP level 3. HP: 20/23 MP: 3/3
   970 | D:1      | You fall into a shaft and drop 1 floor!
  1474 | D:2      | Noticed Robin
  1485 | D:2      | Killed Robin
  1494 | D:2      | Reached XP level 4. HP: 21/29 MP: 4/4
  1503 | D:2      | Reached skill level 2 in Fighting
  2050 | D:3      | Noticed Terence
  2062 | D:3      | Killed Terence
  2144 | D:3      | Reached XP level 5. HP: 31/35 MP: 5/5
  2190 | D:3      | Reached skill level 3 in Fighting
  2362 | D:3      | Found Gar Hoho's Assorted Antiques.
  2398 | D:3      | Reached skill level 4 in Fighting
  2514 | D:3      | Found Zin's Purification Station.
  2518 | D:3      | Found a glowing silver altar of Zin.
  2578 | D:3      | Reached XP level 6. HP: 43/43 MP: 6/6
  2822 | D:4      | Reached skill level 1 in Summonings
  2933 | D:4      | Found a sacrificial altar of Ru.
  3137 | D:4      | Found a staircase to the Ecumenical Temple.
  3143 | Temple   | Entered the Ecumenical Temple
  3150 | D:4      | Found a white marble altar of Elyvilon.
  3168 | D:4      | Found a shadowy altar of Dithmenos.
  3466 | D:5      | Entered Level 5 of the Dungeon
  3743 | D:5      | Reached XP level 7. HP: 24/49 MP: 7/7
  3775 | D:4      | Learned a level 2 spell: Call Imp
  4132 | D:5      | Found Aqaremn's Assorted Antiques.
  4174 | D:5      | Reached skill level 1 in Spellcasting
  4458 | D:5      | Reached skill level 5 in Fighting
  5012 | D:6      | Noticed Menkaure
  5025 | D:6      | Reached skill level 1 in Stealth
  5165 | D:6      | HP: 2/50 [black bear (4)]
  5165 | D:6      | Slain by an ice beast

Illustrated notes

Levels and vault maps discovered:
D:1:      ncdulo_watergridlock, layout_basic
D:2:      layout_basic, minivault_14, uniq_robin
D:3:      layout_basic, zin_purify, serial_shops, shop_fountains, uniq_terence
D:4:      layout_gridville, nicolae_ru_path_of_blood,
          mainiacjoe_overflow_catch_the_wave, minmay_temple_entry_trees
D:5:      layout_basic, serial_shops, nicolae_shop_overgrown_old_shop,
          roderic_lattice_a
D:6:      layout_rooms, nicolae_overflow_hidden_temple, corexii_checkpoint,
          minmay_misc_feat_pillars, dk_noncrumbling_4,
          chequers_decorated_corner, uniq_menkaure
Temple:   nicolae_temple_cloud_nine

Skill      XL: |  1  2  3  4  5  6  7 |
---------------+----------------------+-----
Fighting       | 2 4 5 |  5.4
Shapeshifting  | 4 |  4.0
Unarmed Combat | 4 |  4.0
Summonings     | 2 4 |  4.0
Spellcasting   | 2 |  2.0
Stealth        | 1 |  1.2
Dodging        | |  2.2

Action                     |  1- 3 |  4- 6 |  7- 9 || total
---------------------------+-------+-------+-------++-------
  Melee: Unarmed           |    11 |       |       ||    11
         Constrict         |    20 |    32 |    17 ||    69
         Tentacles         |    12 |    29 |    20 ||    61
         Dagger            |    61 |   119 |    72 ||   252
         Punch             |     1 |     5 |       ||     6
   Cast: Call Imp          |       |       |     5 ||     5
   Stab: Sleeping          |     9 |     5 |     2 ||    16
 Armour: Skin              |    28 |    34 |    29 ||    91
  Dodge: Dodged            |    40 |    44 |    26 ||   110
